 Dungeon Crawl Stone Soup version 0.18.1-48-g4cf74bf (webtiles) character file.

55 Gargoyl the Skirmisher (level 3, 0/29 HPs)
             Began as a Demonspawn Abyssal Knight on Sept 10, 2016.
             Was a Follower of Lugonu.
             Succumbed to an adder's poison
             ... on level 2 of the Dungeon.
             The game lasted 00:03:07 (1471 turns).

Gargoyl the Skirmisher (Demonspawn Abyssal Knight)  Turns: 1471, Time: 00:03:07

Health: 0/29       AC: 10    Str: 18    XL:     3   Next: 67%
Magic:  5/5        EV:  7    Int: 18    God:    Lugonu [*.....]
Gold:   83         SH:  0    Dex: 12    Spells: 0 memorised, 2 levels left

rFire  + . .     SeeInvis .     a - +1 hand axe
rCold  + . .     Gourm    .     i - +0 chain mail
rNeg   . . .     Faith    .     (no shield)
rPois  +         Spirit   .     (helmet restricted)
rElec  +         Dismiss  .     (no cloak)
rCorr  +         Reflect  .     (no gloves)
SustAt .         Harm     .     o - +0 pair of boots
MR     .....                    l - amulet of inaccuracy (curse)
Stlth  ..........               (no ring)
                                (no ring)

@: mighty, brilliant, lethally poisoned (0 -> -4), resistant, not resistant to
hostile enchantments, extremely unstealthy
A: antennae 1, mutation resistance 1, no device heal 1
a: Depart the Abyss, Renounce Religion


You were on level 2 of the Dungeon.
You worshipped Lugonu.
Lugonu was aware of your devotion.
You were very hungry.

You visited 1 branch of the dungeon, and saw 2 of its levels.
You visited the Abyss 1 time.

You collected 83 gold pieces.

Inventory:

Hand Weapons
 a - a +1 hand axe (weapon)
Armour
 i - a +0 chain mail (worn)
 o - a +0 pair of boots (worn)
Jewellery
 l - a cursed amulet of inaccuracy (around neck)
Wands
 g - a wand of slowing (28/48)
 h - a wand of random effects (43/48)
Scrolls
 m - a scroll of identify
Potions
 e - a potion of resistance
Comestibles
 c - 4 bread rations
 d - 2 meat rations
 p - a beef jerky


   Skills:
 + Level 3.4 Fighting
 + Level 2.4 Axes
 * Level 2.5 Armour
 + Level 1.1 Dodging
 + Level 2.7 Invocations


You had 2 spell levels left.
You didn't know any spells.

Dungeon Overview and Level Annotations

Branches:
Dungeon (2/15)

Altars:
Fedhas
Makhleb
Ru
Zin


Innate Abilities, Weirdness & Mutations

You have a pair of small antennae on your head.
You are somewhat resistant to further mutation.
Potions and wands are less effective at restoring your health.


Message History

Drink which item? (? for menu, Esc to quit)
It was a potion of might.
You feel very mighty all of a sudden.
* * * LOW HITPOINT WARNING * * *
You feel sick. The adder bites you but does no damage.
Drink which item? (? for menu, Esc to quit)
It was a potion of mutation.
You feel extremely strange.
Your system partially rejects artificial healing.
You feel genetically stable. The adder bites you but does no damage.
Drink which item? (? for menu, Esc to quit)
It was a potion of brilliance.
You feel clever all of a sudden.
* * * LOW HITPOINT WARNING * * *
You feel sick. The adder barely misses you.
The adder bites you but does no damage.
You slash the adder!
You kill the adder!
Lugonu accepts your kill.
You die...

# #.####.####
###.####....####.#### ##
.......(...÷......<.. ........
##..≈.......#..#.#### ......#
##..≈.......#..#.### ####.#.#.#
...≈≈≈≈...####.....## #.........
##..≈.......#....#..# #....#.#..
#..≈...#...#..####.####.........
#..≈≈≈+#'###...@......'.........
##.....#.....#####..###.........
#...._#.....# ##.###.........
#...#####...# #..##.........
#.....#.....#######.######'####
##.....#.....#..>....# #.#
##..###+#'###...##....# #.#
....#...#...#..###....# #.#
....#.......#..###....# ###'####


There were no monsters in sight!

Vanquished Creatures
  2 adders (D:2)
  A worm (D:2)
  A dart slug (D:1)
  A giant gecko (D:1)
  2 goblins (D:1)
  A hobgoblin (D:2)
  8 jackals
  A ball python (D:1)
  4 bats
  A giant newt (D:2)
  2 kobolds (D:1)
  7 rats (D:1)
31 creatures vanquished.

Notes
Turn   | Place    | Note
--------------------------------------------------------------
     0 | Abyss:1  | Gargoyl the Demonspawn Abyssal Knight began the quest for the Orb.
     0 | Abyss:1  | Reached XP level 1. HP: 18/18 MP: 2/2
    80 | Abyss:2  | Noticed a raiju
    80 | Abyss:2  | Noticed a raiju
    80 | D:1      | Escaped the Abyss
    88 | D:1      | Reached * piety under Lugonu
   294 | D:1      | Reached skill level 1 in Dodging
   308 | D:1      | Gained mutation: You have a pair of small antennae on your head. [demonic ancestry]
   308 | D:1      | Reached XP level 2. HP: 24/24 MP: 3/3
   628 | D:1      | You fall through a shaft!
   655 | D:2      | Reached XP level 3. HP: 28/29 MP: 5/5
   723 | D:2      | Found a sacrificial altar of Ru.
   818 | D:2      | Found a burning altar of Makhleb.
   819 | D:2      | Found a glowing silver altar of Zin.
   819 | D:2      | Noticed an angel
   820 | D:2      | Noticed a green death
   876 | D:2      | Found a blossoming altar of Fedhas.
  1468 | D:2      | Gained mutation: Potions and wands are less effective at restoring your health. [potion of mutation]
  1468 | D:2      | Gained mutation: You are somewhat resistant to further mutation. [potion of mutation]
  1469 | D:2      | HP: 1/29 [poisoned by an adder]
  1471 | D:2      | Succumbed to an adder's poison

Skill      XL: |  1  2 |
---------------+-------+-----
Axes           | 2 |  2.4
Dodging        | 1 |  1.1
Armour         | 2 |  2.5
Fighting       | |  3.4
Invocations    | |  2.7

Action                   || total
-------------------------++-------
Melee: Hand axe          ||   138
Invok: Depart the Abyss  ||     1
  Use: Potion            ||     4
       Scroll            ||     3
  Eat: Chunk             ||     1
Armor: Leather armour    ||     6
       Chain mail        ||   109
Dodge: Dodged            ||    66
